 Dungeon Crawl Stone Soup version 0.19.0-11-g3fc08b3 (webtiles) character file.

43 Leybi the Digger (level 3, -1/19 HPs)
             Began as a Gargoyle Earth Elementalist on Nov 8, 2016.
             Slain by a worm (10 damage)
             ... on level 2 of the Dungeon.
             The game lasted 00:05:02 (1774 turns).

Leybi the Digger (Gargoyle Earth Elementalist)      Turns: 1774, Time: 00:05:03

Health: -1/19      AC:  5    Str: 11    XL:     3   Next: 58%
Magic:  4/7        EV: 12    Int: 16    God:
Gold:   78         SH:  0    Dex: 10    Spells: 1 memorised, 7 levels left

rFire  . . .     SeeInvis .     g - +0 dagger
rCold  . . .     Gourm    .     l - -1 robe (curse)
rNeg   + . .     Faith    .     (no shield)
rPois  ∞         Spirit   .     (no helmet)
rElec  +         Reflect  .     i - +0 cloak
rCorr  .         Harm     .     (no gloves)
MR     +....                    (no boots)
Stlth  ++........               (no amulet)
                                (no ring)
                                k - ring of protection from magic

@: no status effects
A: negative energy resistance 1, electricity resistance, unbreathing,
petrification resistance, rot immunity, AC +3
a: no special abilities


You were on level 2 of the Dungeon.
You were not hungry.

You visited 1 branch of the dungeon, and saw 2 of its levels.

You collected 78 gold pieces.

Inventory:

Hand Weapons
 g - a +0 dagger (weapon)
Missiles
 b - 62 stones (quivered)
Armour
 c - a +0 robe
 i - a +0 cloak (worn)
 l - a cursed -1 robe (worn)
Jewellery
 a - an uncursed amulet of guardian spirit {unknown}
 k - a ring of protection from magic (left hand)
Scrolls
 j - 3 scrolls of teleportation {unknown}
 n - a scroll of recharging {unknown}
 p - 2 scrolls of identify {unknown}
Potions
 m - a potion of lignification {unknown}
 o - a potion of cancellation {unknown}
 q - a potion of curing {unknown}
Books
 e - a book of Geomancy

   Spells                             Type                      Level
   a - Sandblast                      Earth                        1
   b - Passwall                       Transmutation/Earth          2
   c - Stone Arrow                    Conjuration/Earth            3
   d - Petrify                        Transmutation/Earth          4
   e - Lee's Rapid Deconstruction     Earth                        5
Comestibles
 d - a bread ration
 f - a beef jerky
 h - 3 fruits


   Skills:
 - Level 1.5 Dodging
 - Level 2.1 Stealth
 * Level 3.0 Spellcasting
   Level 0.7 Transmutations
 + Level 4.4 Earth Magic


You had 7 spell levels left.
You knew the following spells:

 Your Spells              Type           Power        Failure   Level  Hunger
a - Sandblast             Erth           ###...       3%          1    #......


Dungeon Overview and Level Annotations

Branches:
Dungeon (2/15)

Altars:


Innate Abilities, Weirdness & Mutations

You are resistant to torment.
Your stone body is resilient. (AC +3)
You are immune to poison.
You resist negative energy. (rN+)
You are resistant to electric shocks. (rElec)
You can survive without breathing.
You are immune to petrification.
You are immune to rotting.


Message History

You hit the worm.
The worm is heavily wounded.
You hit the worm.
The worm is severely wounded.
The worm misses you.
You hit the worm but do no damage.
The worm is severely wounded.
The worm closely misses you.
You hit the worm but do no damage.
The worm is heavily wounded.
You hit the worm but do no damage.
The worm is heavily wounded.
The worm barely misses you.
You hit the worm but do no damage.
The worm is heavily wounded.
You hit the worm but do no damage.
The worm is heavily wounded.
The worm bites you!
Ouch! That really hurt!
You die...

..).......# #.......###
#.# ........+ #.##
........# #$.# ........#
#..## ........# #...
........# #..########
........# #w.#......#
........# #@.#.###.##
.###############..#.# #÷#
.'................#.# #.#
.###############.##.# #.#
.#...#....##......#.# #.#
##.#.#....##.######.# #.#
##.#.#.....#........# #.#
##.#.#).[..############.#
.......................>#


You could see a worm.

Vanquished Creatures
  An ooze (D:1)
  2 worms (D:2)
  2 dart slugs (D:1)
  A leopard gecko (D:1)
  3 bats (D:1)
  A giant cockroach (D:1)
  3 goblins
  6 hobgoblins
  2 kobolds (D:2)
  5 rats
26 creatures vanquished.

Notes
Turn   | Place    | Note
-------+----------+-------------------------------------------
     0 | D:1      | Leybi the Gargoyle Earth Elementalist began the quest for the Orb.
     0 | D:1      | Reached XP level 1. HP: 10/10 MP: 3/3
   372 | D:1      | Reached skill level 4 in Earth Magic
   372 | D:1      | Reached XP level 2. HP: 15/15 MP: 3/5
   751 | D:1      | Reached XP level 3. HP: 19/19 MP: 1/7
  1774 | D:2      | Slain by a worm

Skill      XL: |  1  2  3 |
---------------+----------+-----
Earth Magic    | 4 |  4.4
Spellcasting   | 3 |  3.0
Dodging        | |  1.5
Stealth        | |  2.1
Transmutations | |  0.7

Action                   || total
-------------------------++-------
Melee: Unarmed           ||     8
       Dagger            ||   107
 Cast: Sandblast         ||    32
  Eat: Chunk             ||     3
Armor: Robe              ||    51
Dodge: Dodged            ||   107
